 Dungeon Crawl Stone Soup version 0.32-a0-673-g3729bd50f8 (webtiles) character file.

Game seed: 16833059262309844241

77 BeKind the Chiller (level 4, -3/27 HPs)
             Began as an Octopode Ice Elementalist on Mar 11, 2024.
             Slain by Sigmund
             ... wielding a +0 scythe
              (7 damage)
             ... on level 2 of the Dungeon.
             The game lasted 00:02:51 (1786 turns).

BeKind the Chiller (Octopode Ice Elementalist)      Turns: 1786, Time: 00:02:51

Health: -3/27      AC:  1    Str:  7    XL:     4   Next: 34%
Magic:  6/8        EV: 13    Int: 19    God:
Gold:   40         SH:  0    Dex: 12    Spells: 4/8 levels left

rFire   . . .        d - +2 dagger (speed)
rCold   . . .        (no shield)
rNeg    . . .        (helmet restricted)
rPois   .            (no amulet)
rElec   .            (no ring)
rCorr   .            (no ring)
SInv    .            (no ring)
Will    .....        (no ring)
Stlth   +++          (no ring)
HPRegen 0.24/turn    (no ring)
MPRegen 0.11/turn    (no ring)
                     (no ring)

%: no passive effects
@: freezing walls
A: almost no armour, amphibious, 8 rings, camouflage 1, gelatinous body 1,
(nimble swimmer 1), tentacles
a: no special abilities


You were on level 2 of the Dungeon.
You visited 1 branch of the dungeon, and saw 2 of its levels.

You collected 40 gold pieces.

Inventory:

Hand Weapons
 b - a +0 dagger
 d - a +2 dagger of speed (weapon)
Scrolls
 e - a scroll of revelation {unknown}
 f - a scroll of teleportation {unknown}
 i - 2 scrolls of fog {unknown}
 k - a scroll of poison {unknown}
Potions
 a - a potion of magic
 c - a potion of attraction {unknown}
 g - a potion of brilliance {unknown}
 h - a potion of degeneration {unknown}
 j - a potion of curing {unknown}


   Skills:
 + Level 3.0 Dodging
 - Level 3.0 Stealth
 + Level 2.8 Spellcasting
 + Level 4.5 Ice Magic


You had 4 spell levels left.
You knew the following spells:

 Your Spells              Type           Power      Damage    Failure   Level
a - Freeze                Ice            80%        1d9       2%          1
b - Frozen Ramparts       Ice            40%        1d7       7%          3

Your spell library contained the following spells:

 Spells                   Type           Power      Damage    Failure   Level
 Ozocubu's Armour         Ice            20%        N/A       7%          3
 Summon Ice Beast         Ice/Summ       11%        N/A       19%         3
 Teleport Other           Tloc           2%         N/A       43%         3
 Fulminant Prism          Conj/Alch      1%         3d5       83%         4
 Manifold Assault         Tloc           2%         N/A       83%         4


Dungeon Overview and Level Annotations

Branches:
Dungeon (2/15)

Altars:

Annotations:
D:2 Robin, Sigmund


Innate Abilities, Weirdness & Mutations

You cannot wear most types of armour.
You are amphibious.
You can wear up to eight rings at the same time.
Your skin changes colour to match your surroundings (Stealth+).
Your rubbery body absorbs attacks. (AC +1, EV +1)
((You are camouflaged when in or above water. (Stealth+)))
You have tentacles for arms and can constrict up to eight enemies at once.


Message History

You can't see any susceptible monsters within range! (Use Z to cast anyway.)
You can't see any susceptible monsters within range! (Use Z to cast anyway.)
You can't see any susceptible monsters within range! (Use Z to cast anyway.)
You see here a rat corpse.
i - 2 scrolls labelled PACAINGU ETIF (gained 1)
You now have 40 gold pieces (gained 8).
You open the door.
Found a short sword.
Found a stone staircase leading down.
There is an open door here.
There is a stone staircase leading down here.
You see here a +0 short sword.
You open the door.
There is an open door here.
Sigmund is nearby!
Sigmund is nearby!
What are your orders? t - Shout!
Orders for allies: a - Attack new target. r - Retreat! s - Stop attacking. g - Guard the area. f - Follow me.
Anything else - Cancel.
You shout for attention!
Sigmund shouts!
Sigmund casts a spell at you. You resist with some effort.
Casting: Freeze (safe; 2% risk of failure)
Confirm with . or Enter, or press ? or * to list all spells.
Casting: Frozen Ramparts (quite dangerous; 7% risk of failure)
Press: ? - help, Dir - look around, f - activate The walls around you are covered in ice.
The wall freezes Sigmund!
Sigmund misses you.
The wall freezes Sigmund.
Sigmund hits you from afar with a +0 scythe!
The wall freezes Sigmund.
Sigmund closely misses you.
The wall freezes Sigmund but does no damage.
Sigmund hits you from afar with a +0 scythe!
* * * LOW HITPOINT WARNING * * *
The wall freezes Sigmund.
Sigmund hits you from afar with a +0 scythe!
You die...
Sigmund begins carving another notch in his scythe.

#+# #.##### .#. #.#...#
#####
.....####.#...###...#
.......@..').>'.....#
##...####@#...###...#
#...# #.##### #...#
#...####.# ##.##
#......#.# #.# .######
#...##...# #.# .......
#...##..@# #.#####
.......####....÷...######
#......
........g...#.÷<.#...^.?#
######.


You could see Sigmund.

Vanquished Creatures
  An adder (D:2)
  A gnoll (D:1)
  A dart slug (D:1)
  7 bats
  4 endoplasms
  3 giant cockroaches (D:1)
  2 goblins
  5 hobgoblins
  5 jackals
  3 kobolds (D:1)
  3 quokkas (D:1)
  5 ball pythons
  4 frilled lizards
  8 rats
52 creatures vanquished.

Notes
Turn   | Place    | Note
-------+----------+-------------------------------------------
     0 | D:1      | BeKind the Octopode Ice Elementalist began the quest for
                  | the Orb.
     0 | D:1      | Reached XP level 1. HP: 11/11 MP: 3/3
    86 | D:1      | Reached XP level 2. HP: 17/17 MP: 5/5
   254 | D:1      | Reached XP level 3. HP: 21/21 MP: 6/6
   478 | D:1      | Learned a level 3 spell: Frozen Ramparts
   816 | D:1      | Got Ypliplac's Volume of Akashic Esoterica
  1131 | D:2      | Noticed Sigmund
  1245 | D:2      | Reached XP level 4. HP: 16/27 MP: 0/8
  1251 | D:2      | Noticed Robin
  1786 | D:2      | Slain by Sigmund

Illustrated notes

Levels and vault maps discovered:
D:1:      wheals_arrival_linesprint, layout_basic, minmay_distorted
D:2:      layout_basic, uniq_sigmund, uniq_robin

Skill      XL: |  1  2  3  4 |
---------------+-------------+-----
Stealth        | 3 |  3.0
Dodging        | 3 |  3.0
Spellcasting   | |  2.8
Ice Magic      | |  4.5

Action                     |  1- 3 |  4- 6 || total
---------------------------+-------+-------++-------
  Melee: Unarmed           |     6 |       ||     6
         Constrict         |    19 |       ||    19
         Tentacles         |    10 |     1 ||    11
         Dagger            |    35 |     1 ||    36
   Cast: Freeze            |    28 |     8 ||    36
         Frozen Ramparts   |     2 |     1 ||     3
   Stab: Sleeping          |     4 |       ||     4
 Armour: Skin              |    23 |     7 ||    30
  Dodge: Dodged            |    40 |     5 ||    45

Table legend: (Time is in decaauts)
 A = Elapsed time spent in this place.
 B = Non-inter-level travel time spent in this place.
 C = Inter-level travel time spent in this place.
 D = Time resting spent in this place.
 E = Time spent auto-exploring this place.
 F = Levels seen in this place.
 G = Mean time per level.
                   A        B        C        D        E       F      G
               +--------+--------+--------+--------+--------+-----+--------+
         Total |   1780 |   1630 |    150 |    280 |   1050 |   2 |  890.0 |
       Dungeon |   1780 |   1630 |    150 |    280 |   1050 |   2 |  890.0 |
               +--------+--------+--------+--------+--------+-----+--------+

Top non-repeatable levels by time:
     D:1: 1440 daAuts
     D:2: 340 daAuts
